 Dungeon Crawl Stone Soup version 0.30-a0-859-gf88a04b62d (webtiles) character file.

Game seed: 2374281707271830853

17 ragingrage the Covert (level 2, 0/29 HPs)
             Began as a Gnoll Delver on Mar 7, 2023.
             Slain by a mummy (17 damage)
             ... in an ossuary.
             The game lasted 00:00:48 (179 turns).

ragingrage the Covert (Gnoll Delver)                 Turns: 179, Time: 00:00:48

Health: 0/29       AC:  3    Str: 11    XL:     2   Next: 62%
Magic:  2/2        EV: 13    Int:  9    God:
Gold:   0          SH:  0    Dex: 13    Spells: 2/2 levels left

rFire   . . .      SeeInvis .    a - +0 falchion
rCold   . . .      Faith    .    (no shield)
rNeg    . . .      Spirit   .    b - +0 leather armour
rPois   .          Reflect  .    (no helmet)
rElec   .          Rampage  .    (no cloak)
rCorr   .                        (no gloves)
Will    .....                    (no boots)
Stlth   ++++                     (no amulet)
HPRegen 0.24/turn                (no ring)
MPRegen 0.08/turn                (no ring)

@: no status effects
A: fangs 1, strong nose, distributed training
a: no special abilities


You were in an ossuary.
You visited 1 branch of the dungeon, and saw 2 of its levels.
You also visited: Ossuary.

Inventory:

Hand Weapons
 a - a +0 falchion (weapon)
Armour
 b - a +0 leather armour (worn)
Wands
 g - a wand of digging (3)
Scrolls
 c - a scroll of fog
 d - a scroll of magic mapping
 e - a scroll of fear
Potions
 f - a potion of haste


   Skills:
 + Level 6.5 Fighting
 + Level 0.5 Short Blades
 + Level 4.5 Long Blades
 + Level 0.5 Axes
 + Level 0.5 Maces & Flails
 + Level 0.5 Polearms
 + Level 0.5 Staves
 + Level 0.5 Ranged Weapons
 + Level 0.5 Throwing
 + Level 0.5 Armour
 + Level 4.5 Dodging
 + Level 9.5 Stealth
 + Level 0.5 Shields
 + Level 0.5 Unarmed Combat
 + Level 0.5 Spellcasting
 + Level 0.3 Conjurations
 + Level 0.3 Hexes
 + Level 0.3 Summonings
 + Level 0.3 Necromancy
 + Level 0.3 Translocations
 + Level 0.3 Transmutations
 + Level 0.3 Fire Magic
 + Level 0.3 Ice Magic
 + Level 0.3 Air Magic
 + Level 0.3 Earth Magic
 + Level 0.3 Poison Magic
 + Level 0.6 Invocations
 + Level 0.5 Evocations


You had 2 spell levels left.
You didn't know any spells.
Your spell library was empty.

Dungeon Overview and Level Annotations

Branches:
Dungeon (5/15)            Ossuary (1/1)
 Temple: D:4-7

Altars:


Innate Abilities, Weirdness & Mutations

You have very sharp teeth.
Your uncanny sense of smell can sniff out nearby items.
Your experience applies equally to all skills.


Message History

You hit the hobgoblin zombie but do no damage.
The hobgoblin zombie hits you.
The gnoll zombie hits you but does no damage.
You hit the hobgoblin zombie.
You destroy the hobgoblin zombie!
The gnoll zombie hits you but does no damage.
A mummy comes into view.
The elf zombie closely misses you.
Found a gate leading back out of this place.
The helpless mummy fails to defend itself.
You hit the mummy. You barely miss the mummy. The mummy hits you!
You hit the mummy. The elf zombie hits you.
* * * LOW HITPOINT WARNING * * *
The human zombie misses you.
A mummy comes into view.
Found a gate leading back out of this place.
You closely miss the kobold zombie. The kobold zombie closely misses you.
You hit the kobold zombie. You slash the kobold zombie!
You destroy the kobold zombie!
You slash the kobold zombie!
You destroy the kobold zombie!
You hit the kobold zombie.
A mummy comes into view.
Found a gate leading back out of this place.
The helpless mummy fails to defend itself.
You hit the mummy. The mummy hits you.
You barely miss the gnoll zombie. You hit the gnoll zombie.
You bite the gnoll zombie. The gnoll zombie barely misses you.
You slash the gnoll zombie!
You bite the gnoll zombie, but do no damage.
The gnoll zombie hits you.
You hit the gnoll zombie.
The gnoll zombie hits you but does no damage.
The mummy hits you!
Ouch! That really hurt!
You die...

................
#....M.............
#.....##...........
#... .##...........
#..................
#..#...............
#..##.......Z..∩...
#∩.##....Z.....∩...
#.@##..............
#MZ#...............
#.ZZ...............
#..................
#...Z.##...........
#.....##...........
#.....M..........Z.
#........Z.........
#+##....Z....#####.


You could see 2 mummies, a gnoll zombie, 2 kobold zombies and a human zombie.

Vanquished Creatures
  A mummy (D:4)
  An orc (D:5)
  A goblin zombie (Ossuary)
  A hobgoblin zombie (Ossuary)
  2 kobold zombies (Ossuary)
6 creatures vanquished.

Notes
Turn   | Place    | Note
-------+----------+-------------------------------------------
     0 | D:5      | Reached skill level 9 in Stealth
     0 | D:5      | ragingrage the Gnoll Delver began the quest for the Orb.
     0 | D:5      | Reached XP level 1. HP: 23/23 MP: 1/1
    35 | D:5      | Noticed a water moccasin
    78 | D:4      | Found a sand-covered staircase.
    88 | D:4      | Reached XP level 2. HP: 29/29 MP: 2/2
    90 | Ossuary  | Entered an ossuary
   179 | Ossuary  | Slain by a mummy

Illustrated notes

Levels and vault maps discovered:
D:4:      layout_basic, gup_ossuary_entry_pyramid,
          hangedman_abyss_or_decor_stagger, uniq_edmund, uniq_blork_the_orc
D:5:      layout_rooms, minmay_temple_entry_antechambers, serial_park_tiny_1
Ossuary:  ossuary_minmay_tomb_2a

Skill      XL: | |
---------------+-+-----
Stealth        | |  9.5
Fighting       | |  6.5
Short Blades   | |  0.5
Long Blades    | |  4.5
Axes           | |  0.5
Maces & Flails | |  0.5
Polearms       | |  0.5
Staves         | |  0.5
Ranged Weapons | |  0.5
Throwing       | |  0.5
Armour         | |  0.5
Dodging        | |  4.5
Shields        | |  0.5
Unarmed Combat | |  0.5
Spellcasting   | |  0.5
Conjurations   | |  0.3
Hexes          | |  0.3
Summonings     | |  0.3
Necromancy     | |  0.3
Translocations | |  0.3
Transmutations | |  0.3
Fire Magic     | |  0.3
Ice Magic      | |  0.3
Air Magic      | |  0.3
Earth Magic    | |  0.3
Poison Magic   | |  0.3
Invocations    | |  0.6
Evocations     | |  0.5

Action                     || total
---------------------------++-------
  Melee: Falchion          ||    31
         Bite              ||     3
         Punch             ||     1
   Stab: Sleeping          ||     3
 Armour: Leather armour    ||     5
  Dodge: Dodged            ||    11

Table legend: (Time is in decaauts)
 A = Elapsed time spent in this place.
 B = Non-inter-level travel time spent in this place.
 C = Inter-level travel time spent in this place.
 D = Time resting spent in this place.
 E = Time spent auto-exploring this place.
 F = Levels seen in this place.
 G = Mean time per level.
                   A        B        C        D        E       F      G
               +--------+--------+--------+--------+--------+-----+--------+
         Total |    181 |    181 |      0 |      0 |     17 |   3 |   60.3 |
       Dungeon |     91 |     91 |      0 |      0 |     17 |   2 |   45.5 |
       Ossuary |     90 |     90 |      0 |      0 |      0 |   1 |   90.0 |
               +--------+--------+--------+--------+--------+-----+--------+

Top non-repeatable levels by time:
 Ossuary: 90 daAuts
     D:5: 70 daAuts
     D:4: 20 daAuts
